PAA
RICHLAND RAILS @ TACOMA FUR TRADERS
08/03/2030
 
TOP OF THE 1ST
Richland Rails batting - Pitching for Tacoma Fur Traders : LHP Domingo Montémayor
Pitching: LHP Domingo Montémayor
Batting: RHB Yoichibei Chikafuji 0-0: Ball
1-0: Foul Ball, location: 2F
1-1: Ball
2-1: Ball
3-1: Foul Ball, location: 2F
3-2: Foul Ball, location: 2F
3-2: Base on Balls
Batting: LHB Orlando Casillas 0-0: Fielders Choice at 2nd, 3-6 (Groundball, 3)
Batting: RHB Alexandre Keeping 0-0: Ball
1-0: Called Strike
1-1: Ground out 5-3 (Groundball, 56S)
Orlando Casillas to second
Batting: RHB León Preciado 0-0: Foul Ball, location: 2F
0-1: Ball
1-1: Called Strike
1-2: Foul Ball, location: 2F
1-2: Ball
2-2: Ball
3-2: Strikes out swinging
Top of the 1st over - 0 runs, 0 hits, 0 errors, 1 left on base; Richland 0 - Tacoma 0
BOTTOM OF THE 1ST
Tacoma Fur Traders batting - Pitching for Richland Rails : LHP Chico Landi
Pitching: LHP Chico Landi
Batting: RHB Roberto Aguirre 0-0: Called Strike
0-1: Ball
1-1: Ball
2-1: Ground out 6-3 (Groundball, 6)
Batting: RHB Jonathan Barnett 0-0: Ball
1-0: Called Strike
1-1: Ball
2-1: Fly out, F8 (Line Drive, 8LD)
Batting: RHB Gustavo González 0-0: Ball
1-0: Foul Ball, location: 2F
1-1: Fly out, F7 (Flyball, 7S)
Bottom of the 1st over - 0 runs, 0 hits, 0 errors, 0 left on base; Richland 0 - Tacoma 0
TOP OF THE 2ND
Richland Rails batting - Pitching for Tacoma Fur Traders : LHP Domingo Montémayor
Batting: SHB Tony Manzanares 0-0: Ball
1-0: Foul Ball, location: 2F
1-1: Foul Ball, location: 2F
1-2: Foul Ball, location: 2F
1-2: Foul Ball, location: 2F
1-2: Fly out, F8 (Flyball, 8LXD)
Batting: RHB Michael Bradshaw 0-0: Called Strike
0-1: Ball
1-1: Ground out 3-1 (Groundball, 34S)
Batting: RHB Leon Carlisle 0-0: Ball
1-0: Swinging Strike
1-1: Swinging Strike
1-2: Strikes out swinging
Top of the 2nd over - 0 runs, 0 hits, 0 errors, 0 left on base; Richland 0 - Tacoma 0
BOTTOM OF THE 2ND
Tacoma Fur Traders batting - Pitching for Richland Rails : LHP Chico Landi
Batting: LHB Yao-pang Chiang 0-0: Foul Ball, location: 2F
0-1: Foul Ball, location: 2F
0-2: Foul Ball, location: 2F
0-2: Fly out, F7 (Flyball, 7S)
Batting: RHB Jason Alston 0-0: Called Strike
0-1: Ball
1-1: Called Strike
1-2: Foul Ball, location: 2F
1-2: Strikes out swinging
Batting: RHB Stan Wheeler 0-0: Called Strike
0-1: Fly out, F8 (Flyball, 8LM)
Bottom of the 2nd over - 0 runs, 0 hits, 0 errors, 0 left on base; Richland 0 - Tacoma 0
TOP OF THE 3RD
Richland Rails batting - Pitching for Tacoma Fur Traders : LHP Domingo Montémayor
Batting: LHB Víctor Puente 0-0: Ball
1-0: Called Strike
1-1: Ball
2-1: Fly out, F4 (Line Drive, 4MS)
Batting: RHB Armando Rodríguez 0-0: SINGLE (Groundball, 34D)
Batting: RHB Yoichibei Chikafuji 0-0: Ball
1-0: Called Strike
1-1: Ball
2-1: Foul Ball, location: 2F
2-2: Ball
3-2: Strikes out swinging
Batting: LHB Orlando Casillas 0-0: Fly out, F8 (Flyball, 8LD)
Top of the 3rd over - 0 runs, 1 hit, 0 errors, 1 left on base; Richland 0 - Tacoma 0
BOTTOM OF THE 3RD
Tacoma Fur Traders batting - Pitching for Richland Rails : LHP Chico Landi
Batting: RHB David Tineo 0-0: Ball
1-0: Called Strike
1-1: Ball
2-1: Ball
3-1: Base on Balls
Batting: RHB Bill Perkins 0-0: Called Strike
0-1: Ball
1-1: Fly out, F8 (Flyball, 8LM)
Batting: RHB Sherman N'Dir 0-0: Swinging Strike
0-1: Foul Ball, location: 2F
0-2: Foul Ball, location: 2F
0-2: Ball
1-2: Foul Ball, location: 2F
1-2: Ball
2-2: Ball
3-2: Strikes out swinging
Batting: RHB Roberto Aguirre 0-0: Called Strike
David Tineo is caught stealing 2nd base
Bottom of the 3rd over - 0 runs, 0 hits, 0 errors, 0 left on base; Richland 0 - Tacoma 0
TOP OF THE 4TH
Richland Rails batting - Pitching for Tacoma Fur Traders : LHP Domingo Montémayor
Batting: RHB Alexandre Keeping 0-0: Called Strike
0-1: Ball
1-1: Ball
2-1: SINGLE (Groundball, 56D)
Batting: RHB León Preciado 0-0: Fly out, F7 (Flyball, 7)
Batting: SHB Tony Manzanares 0-0: Ball
1-0: Ball
2-0: Ball
3-0: Called Strike
3-1: SINGLE (Groundball, 6D)
Alexandre Keeping to second
Batting: RHB Michael Bradshaw 0-0: Ball
1-0: Called Strike
1-1: Ball
Passed Ball!
Alexandre Keeping to third
Tony Manzanares to second
2-1: Foul Ball, location: 2F
2-2: Strikes out swinging
Batting: RHB Leon Carlisle 0-0: Called Strike
0-1: Ball
1-1: Foul Ball, location: 2F
1-2: Ground out 6-3 (Groundball, 6)
Top of the 4th over - 0 runs, 2 hits, 0 errors, 2 left on base; Richland 0 - Tacoma 0
BOTTOM OF THE 4TH
Tacoma Fur Traders batting - Pitching for Richland Rails : LHP Chico Landi
Batting: RHB Roberto Aguirre 0-0: Ball
1-0: Foul Ball, location: 2F
1-1: SOLO HOME RUN (Flyball, 7D), Distance : 411 ft
Batting: RHB Jonathan Barnett 0-0: Called Strike
0-1: Ball
1-1: Foul Ball, location: 2F
1-2: Foul Ball, location: 2F
1-2: Foul Ball, location: 2F
1-2: Ball
2-2: SOLO HOME RUN (Line Drive, 8RXD), Distance : 450 ft
Batting: RHB Gustavo González 0-0: Ball
1-0: Foul Ball, location: 2F
1-1: Ball
2-1: Fly out, F9 (Flyball, 9)
Batting: LHB Yao-pang Chiang 0-0: Called Strike
0-1: Ball
1-1: Ball
2-1: Foul Ball, location: 2F
2-2: Foul Ball, location: 2F
2-2: Strikes out swinging
Batting: RHB Jason Alston 0-0: Called Strike
0-1: Foul Ball, location: 2F
0-2: Foul Ball, location: 2F
0-2: DOUBLE (Groundball, 5L)
Batting: RHB Stan Wheeler 0-0: Foul Ball, location: 2F
0-1: Ball
1-1: Ball
2-1: Hit by Pitch
Batting: RHB David Tineo 0-0: Called Strike
0-1: Called Strike
0-2: Ball
1-2: Strikes out swinging
Bottom of the 4th over - 2 runs, 3 hits, 0 errors, 2 left on base; Richland 0 - Tacoma 2
TOP OF THE 5TH
Richland Rails batting - Pitching for Tacoma Fur Traders : LHP Domingo Montémayor
Batting: LHB Víctor Puente 0-0: Fly out, F9 (Flyball, 9S)
Batting: RHB Armando Rodríguez 0-0: Ball
1-0: Ground out 5-3 (Groundball, 5L)
Batting: RHB Yoichibei Chikafuji 0-0: Foul Ball, location: 2F
0-1: Ball
1-1: Ball
2-1: SINGLE (Line Drive, 89S)
Batting: LHB Orlando Casillas Pickoff Throw to First - Out!
Top of the 5th over - 0 runs, 1 hit, 0 errors, 0 left on base; Richland 0 - Tacoma 2
BOTTOM OF THE 5TH
Tacoma Fur Traders batting - Pitching for Richland Rails : LHP Chico Landi
Batting: RHB Bill Perkins 0-0: Called Strike
0-1: Ball
1-1: Ball
2-1: Called Strike
2-2: Ball
3-2: Base on Balls
Batting: RHB Sherman N'Dir 0-0: Ball
1-0: Ball
2-0: Sac Bunt - play at first, batter OUT! 5-4
Bill Perkins to second
Batting: RHB Roberto Aguirre 0-0: Ball
1-0: Ball
2-0: Called Strike
2-1: Foul Ball, location: 2F
2-2: Ball
3-2: Foul Ball, location: 2F
3-2: Fly out, F9 (Flyball, 89D)
Runner from 2nd tags up, SAFE at 3rd, no throw
Batting: RHB Jonathan Barnett 0-0: Ball
1-0: Ground out 5-3 (Groundball, 56S)
Bottom of the 5th over - 0 runs, 0 hits, 0 errors, 1 left on base; Richland 0 - Tacoma 2
TOP OF THE 6TH
Richland Rails batting - Pitching for Tacoma Fur Traders : LHP Domingo Montémayor
Batting: LHB Orlando Casillas 0-0: Fly out, F8 (Flyball, 8RD)
Batting: RHB Alexandre Keeping 0-0: Foul Ball, location: 2F
0-1: SINGLE (Groundball, 56D)
Batting: RHB León Preciado 0-0: Called Strike
0-1: Swinging Strike
0-2: Ball
1-2: Strikes out swinging
Alexandre Keeping steals 2nd base
Batter strikes out.
Batting: SHB Tony Manzanares 0-0: Called Strike
0-1: Called Strike
0-2: Ball
1-2: Ball
2-2: Strikes out swinging
Top of the 6th over - 0 runs, 1 hit, 0 errors, 1 left on base; Richland 0 - Tacoma 2
BOTTOM OF THE 6TH
Tacoma Fur Traders batting - Pitching for Richland Rails : LHP Chico Landi
Batting: RHB Gustavo González 0-0: Ball
1-0: SOLO HOME RUN (Flyball, 7D), Distance : 411 ft
Pitching: RHP Ron Armstrong
Batting: LHB Yao-pang Chiang 0-0: Foul Ball, location: 2F
0-1: Ball
1-1: Ball
2-1: Ball
3-1: Fly out, F8 (Flyball, 8LD)
Batting: RHB Jason Alston 0-0: Called Strike
0-1: Ball
1-1: SINGLE (Groundball, 56D)
Batting: RHB Stan Wheeler 0-0: Fly out, F9 (Flyball, 89XD)
Batting: RHB David Tineo 0-0: Ball
1-0: Fly out, F9 (Flyball, 9)
Bottom of the 6th over - 1 run, 2 hits, 0 errors, 1 left on base; Richland 0 - Tacoma 3
TOP OF THE 7TH
Richland Rails batting - Pitching for Tacoma Fur Traders : LHP Domingo Montémayor
Batting: RHB Michael Bradshaw 0-0: Called Strike
0-1: Ball
1-1: Called Strike
1-2: Foul Ball, location: 2F
1-2: Ball
2-2: Ball
3-2: Foul Ball, location: 2F
3-2: Base on Balls
Batting: RHB Leon Carlisle 0-0: Ball
1-0: Sac Bunt - play at first, batter OUT! U3
Michael Bradshaw to second
Batting: LHB Víctor Puente 0-0: Ground out 1-3 (Groundball, 13S)
Michael Bradshaw to third
Batting: RHB Armando Rodríguez 0-0: Ball
1-0: Ball
2-0: Ball
3-0: Called Strike
3-1: Base on Balls
Batting: RHB Yoichibei Chikafuji 0-0: Ball
1-0: Ball
2-0: Foul Ball, location: 2F
2-1: Fly out, F6 (Flyball, 6D)
Top of the 7th over - 0 runs, 0 hits, 0 errors, 2 left on base; Richland 0 - Tacoma 3
BOTTOM OF THE 7TH
Tacoma Fur Traders batting - Pitching for Richland Rails : RHP Ron Armstrong
Batting: RHB Bill Perkins 0-0: Called Strike
0-1: Ball
1-1: Called Strike
1-2: Foul Ball, location: 2F
1-2: Foul Ball, location: 2F
1-2: Ball
2-2: Strikes out swinging
Batting: RHB Sherman N'Dir 0-0: Called Strike
0-1: Foul Ball, location: 2F
0-2: Fly out, F7 (Flyball, 7)
Batting: RHB Roberto Aguirre 0-0: Fly out, F7 (Flyball, 7S)
Bottom of the 7th over - 0 runs, 0 hits, 0 errors, 0 left on base; Richland 0 - Tacoma 3
TOP OF THE 8TH
Richland Rails batting - Pitching for Tacoma Fur Traders : LHP Domingo Montémayor
Batting: LHB Orlando Casillas 0-0: Called Strike
0-1: Ground out 6-3 (Groundball, 6)
Pitching: LHP Luis Ruíz
Batting: RHB Alexandre Keeping 0-0: Foul Ball, location: 2F
0-1: Ball
1-1: Called Strike
1-2: Foul Ball, location: 2F
1-2: Ground out 6-3 (Groundball, 6M)
Batting: RHB León Preciado 0-0: Ball
1-0: Fly out, F4 (Line Drive, 4)
Top of the 8th over - 0 runs, 0 hits, 0 errors, 0 left on base; Richland 0 - Tacoma 3
BOTTOM OF THE 8TH
Tacoma Fur Traders batting - Pitching for Richland Rails : RHP Ron Armstrong
Batting: RHB Jonathan Barnett 0-0: Ball
1-0: Ball
2-0: Ball
3-0: Base on Balls
Batting: RHB Gustavo González 0-0: Foul Ball, location: 2F
0-1: Foul Ball, location: 2F
0-2: Ball
1-2: Strikes out swinging
Batting: LHB Yao-pang Chiang 0-0: Called Strike
0-1: Ball
Jonathan Barnett steals 2nd base
1-1: Intentional Walk
Batting: RHB Jason Alston 0-0: Ball
1-0: Called Strike
Jonathan Barnett steals 3rd base
1-1: Foul Ball, location: 2F
1-2: Ball
2-2: Fly out, F7 (Flyball, 7LS)
Runner from 3rd tags up, SCORES, throw made
Batting: RHB Stan Wheeler 0-0: Ball
1-0: Ball
2-0: Ball
3-0: Base on Balls
Yao-pang Chiang to second
Batting: RHB David Tineo 0-0: Ball
1-0: Foul Ball, location: 2F
1-1: Ball
2-1: Called Strike
2-2: Strikes out swinging
Bottom of the 8th over - 1 run, 0 hits, 0 errors, 2 left on base; Richland 0 - Tacoma 4
TOP OF THE 9TH
Richland Rails batting - Pitching for Tacoma Fur Traders : LHP Luis Ruíz
Batting: SHB Tony Manzanares 0-0: Foul Ball, location: 2F
0-1: Ball
1-1: Ball
2-1: Ball
3-1: Fly out, F8 (Flyball, 8RM)
Batting: RHB Michael Bradshaw 0-0: Ball
1-0: Swinging Strike
1-1: Foul Ball, location: 2F
1-2: Fly out, F8 (Flyball, 8LS)
Batting: RHB Leon Carlisle 0-0: Foul Ball, location: 2F
0-1: Ball
1-1: Foul Ball, location: 2F
1-2: Ball
2-2: Ball
3-2: Foul Ball, location: 2F
3-2: Base on Balls
Batting: LHB Víctor Puente 0-0: Ground out 1-3 (Groundball, 13S)
Top of the 9th over - 0 runs, 0 hits, 0 errors, 1 left on base; Richland 0 - Tacoma 4
Sunday, March 18th, 2018 - OOTP Baseball 18.8 Build 76